 Dungeon Crawl Stone Soup version 0.27-a0-1456-gf5a116941d (webtiles) character file.

Game seed: 4413516764840936520

242 Kinoniko the Chopper (level 5, -4/41 HPs)
             Began as a Demonspawn Berserker on July 6, 2021.
             Was a Believer of Trog.
             Shot with an arrow by a centaur (6 damage)
             ... on level 4 of the Dungeon.
             The game lasted 00:03:17 (4141 turns).

Kinoniko the Chopper (Demonspawn Berserker)         Turns: 4141, Time: 00:03:17

Health: -4/41      AC: 19    Str: 18    XL:     5   Next: 81%
Magic:  5/5        EV:  7    Int:  8    God:    Trog [**....]
Gold:   73         SH:  5    Dex: 17    Spells: 4/4 levels left

rFire    . . .     SeeInvis .   o - +8 trident (vorpal)
rCold    . . .     Faith    .   f - +0 buckler
rNeg     . . .     Spirit   .   i - +7 chain mail "Kiungemapsokh" {Dex+4 Stlth+}
rPois    .         Reflect  .   (no helmet)
rElec    .         Harm     .   (no cloak)
rCorr    .         Rampage  .   e - +1 pair of gloves
Will     .....                  (no boots)
Stlth    ..........             (no amulet)
HPRegen  0.13/turn              (no ring)
MPRegen  0.09/turn              (no ring)

@: no status effects
A: foul stench 1, sharp scales 2
a: Renounce Religion, Berserk, Trog's Hand


You were on level 4 of the Dungeon.
You worshipped Trog.
Trog was pleased with you.
You visited 1 branch of the dungeon, and saw 4 of its levels.

You collected 73 gold pieces.

Inventory:

Hand Weapons
 a - a +0 hand axe
 k - a +1 whip of venom
 o - a +8 vorpal trident (weapon)
Missiles
 d - 7 atropa-tipped darts (quivered)
 q - 7 javelins
Armour
 b - a +0 animal skin
 e - a +1 pair of gloves (worn)
 f - a +0 buckler (worn)
 i - the +7 chain mail "Kiungemapsokh" (worn) {Dex+4 Stlth+}
   (You found it on level 2 of the Dungeon)

   Dex:       It affects your dexterity (+4).
   Stlth:     It makes you more stealthy.
Wands
 m - a wand of digging (4)
Scrolls
 g - a scroll of enchant armour {unknown}
 h - a scroll of immolation {unknown}
 j - a scroll of magic mapping {unknown}
 n - a scroll of teleportation {unknown}
Potions
 c - a potion of curing {unknown}
 l - a potion of invisibility {unknown}
 p - a potion of berserk rage {unknown}


   Skills:
 - Level 3.0 Fighting
 - Level 4.6(5.0) Axes
 - Level 2.4(3.9) Maces & Flails
 * Level 0.1(2.8) Polearms
 - Level 1.7 Armour
 - Level 1.7 Dodging
 + Level 2.2 Shields


You had 4 spell levels left.
You didn't know any spells.
Your spell library was empty.

Dungeon Overview and Level Annotations

Branches:
Dungeon (4/15)
 Temple: D:4-7

Altars:
Fedhas
Sif Muna


Innate Abilities, Weirdness & Mutations

You may rarely emit foul miasma when damaged in melee.
You are mostly covered in razor-sharp scales. (AC +2, Slay +2)


Message History

a +0 dagger; a +0 robe
Found a stone staircase leading up.
Key pressed, stopping explore.
No target in view!
No target in view!
Found 7 javelins.
No target in view!
You see here 7 javelins.
Done exploring.
No target in view!
Done exploring.
Done exploring.
You see here 7 javelins.
q - 7 javelins Done exploring.
Done exploring.
(D) Dungeon
Where to? (Enter - D:3, ? - help)
What level of the Dungeon? (default 1, ? - help)
There is a stone staircase leading down here.
You climb downwards.
Found a club.
There is a stone staircase leading up here.
You open the door.
There is an open door here.
Found a stone staircase leading down.
Found a ring mail.
A centaur comes into view.
The centaur wields a +2 shortbow of freezing.
It is covered in frost.
The centaur shoots an arrow.
The arrow closely misses you.
The centaur shoots an arrow.
The arrow hits you! The arrow freezes you.
The centaur shoots an arrow.
The arrow hits you! The arrow freezes you.
You are too injured to fight recklessly!
Okay, then.
Okay, then.
The centaur shoots an arrow.
The arrow hits you!
* * * LOW HITPOINT WARNING * * *
The arrow freezes you.
You die...

...# #..# #..#
########## #..#
####......... #..#
#.......c.... #..#
#....@....... #
##..###......######
.. #...............#
##..#...###########.#
#...#...####### #
#..............
#...#...#######
#.......##########
#...#.............


You could see a centaur.

Vanquished Creatures
  Terence (D:3)
  2 orc wizards (D:3)
  4 gnolls (D:2)
  4 adders
  2 worms (D:2)
  A dart slug (D:1)
  7 orcs (D:3)
  3 bats
  6 endoplasms
  5 giant cockroaches
  3 goblins
  9 hobgoblins
  6 jackals (D:1)
  7 kobolds
  3 quokkas
  6 ball pythons
  3 frilled lizards
  4 rats
76 creatures vanquished.

Notes
Turn   | Place    | Note
-------+----------+-------------------------------------------
     0 | D:1      | Kinoniko the Demonspawn Berserker began the quest for the
                  | Orb.
     0 | D:1      | Reached XP level 1. HP: 18/18 MP: 1/1
   105 | D:1      | Reached skill level 3 in Axes
   174 | D:1      | Gained mutation: You are partially covered in razor-sharp
                  | scales. (AC +1, Slay +1) [demonic ancestry]
   174 | D:1      | Reached XP level 2. HP: 12/24 MP: 2/2
   734 | D:1      | Reached ** piety under Trog
   930 | D:1      | Gained mutation: You may rarely emit foul miasma when
                  | damaged in melee. [demonic ancestry]
   930 | D:1      | Reached XP level 3. HP: 29/29 MP: 3/3
  1353 | D:2      | Reached skill level 4 in Axes
  1656 | D:2      | Found a faded altar of an unknown god.
  1696 | D:2      | Identified the +7 chain mail "Kiungemapsokh" {Dex+4 Stlth+}
  2056 | D:2      | Gained mutation: You are mostly covered in razor-sharp
                  | scales. (AC +2, Slay +2) [demonic ancestry]
  2056 | D:2      | Reached XP level 4. HP: 35/35 MP: 4/4
  2060 | D:2      | Reached skill level 1 in Shields
  2329 | D:2      | HP: 1/35 [poisoned by a kobold]
  2980 | D:3      | Found a shimmering blue altar of Sif Muna.
  2981 | D:3      | Found a blossoming altar of Fedhas.
  3186 | D:3      | Reached skill level 1 in Maces & Flails
  3189 | D:3      | Reached XP level 5. HP: 41/41 MP: 5/5
  3750 | D:3      | Noticed Terence
  3757 | D:3      | Killed Terence
  4138 | D:4      | Noticed a centaur
  4141 | D:4      | HP: 2/41 [centaur/arrow (11)]
  4141 | D:4      | Shot with an arrow by a centaur

Illustrated notes

Levels and vault maps discovered:
D:1:      dpeg_arrival_connections, layout_basic, kennysheep_boxes
D:2:      layout_loops_ring, hellmonk_ecumenical_altar_lost_god,
          minmay_crystal_room, minmay_misc_feat_x
D:3:      layout_basic, grunt_temple_overflow_open, chequers_decorated_corner,
          minmay_misc_feat_alley, uniq_terence
D:4:      layout_basic, nicolae_elemental_shop, minmay_shop_damaged,
          lemuel_another_geyser

Skill      XL: |  1  2  3  4  5 |
---------------+----------------+-----
Axes           | 3 4 |  4.6
Shields        | 1 2 |  2.2
Maces & Flails | 1 2 |  2.4
Fighting       | |  3.0
Polearms       | |  0.1
Armour         | |  1.7
Dodging        | |  1.7

Action                   |  1- 3 |  4- 6 || total
-------------------------+-------+-------++-------
Melee: Hand axe          |   148 |    33 ||   181
       Whip              |       |    52 ||    52
       Trident           |       |     6 ||     6
Invok: Berserk           |     3 |     2 ||     5
 Stab: Sleeping          |     1 |       ||     1
Armor: Animal skin       |    34 |       ||    34
       Chain mail        |     2 |    79 ||    81
Dodge: Dodged            |   105 |    20 ||   125
Block: Buckler           |     5 |    17 ||    22

Table legend: (Time is in decaauts)
 A = Elapsed time spent in this place.
 B = Non-inter-level travel time spent in this place.
 C = Inter-level travel time spent in this place.
 D = Time resting spent in this place.
 E = Time spent auto-exploring this place.
 F = Levels seen in this place.
 G = Mean time per level.
                   A        B        C        D        E       F      G
               +--------+--------+--------+--------+--------+-----+--------+
         Total |   4208 |   4151 |     57 |   1413 |   2192 |   4 | 1052.0 |
       Dungeon |   4208 |   4151 |     57 |   1413 |   2192 |   4 | 1052.0 |
               +--------+--------+--------+--------+--------+-----+--------+

Top non-repeatable levels by time:
     D:2: 1688 daAuts
     D:1: 1305 daAuts
     D:3: 1172 daAuts
     D:4: 42 daAuts
